 Dungeon Crawl Stone Soup version 0.20.1-1-g8b1a95d (webtiles) character file.

122308 Jazqa the Warrior (level 16, -2/141 HPs)
             Began as a Barachi Monk on Nov 2, 2017.
             Was the Champion of Cheibriados.
             Slain by a titan zombie (11 damage)
             ... on level 15 of the Dungeon on Nov 3, 2017.
             The game lasted 01:00:25 (30799 turns).

Jazqa the Warrior (Barachi Monk)                   Turns: 30799, Time: 01:00:26

Health: -2/141     AC: 25    Str: 31    XL:     16   Next: 87%
Magic:  20/24      EV: 25    Int: 29    God:    Cheibriados [******]
Gold:   2321       SH:  0    Dex: 31    Spells: 19/23 levels left

rFire    . . .     SeeInvis .   M - +4 demon blade (drain)
rCold    . . .     Gourm    +   (no shield)
rNeg     . . .     Faith    .   F - +7 chain mail "Hexe" {Int+3 Dex-2}
rPois    +         Spirit   .   j - +1 helmet
rElec    +         Reflect  .   B - +0 cloak "Rugi" {rElec} (curse)
rCorr    .         Harm     .   (no gloves)
MR       +....                  (no boots)
Stlth    ..........             t - amulet of the gourmand
Regen    0.4/turn               (no ring)
MPRegen  0.2/turn               (no ring)

@: very slow
A: +LOS, swims, repulsion field 1, poison resistance, slowness 1, strong legs 2
a: Hop, Bend Time, Temporal Distortion, Slouch, Step From Time, Renounce
Religion


You were on level 15 of the Dungeon.
You worshipped Cheibriados.
Cheibriados was exalted by your worship.
You were completely stuffed.

You visited 3 branches of the dungeon, and saw 23 of its levels.
You also visited: Sewer and Ice Cave.

You collected 2759 gold pieces.
You spent 438 gold pieces at shops.


Innate Abilities, Weirdness & Mutations

Shadows flee at your approach. (+LOS)
You can swim through water.
You cover ground slowly.
You can hop longer distances.
You are surrounded by a mild repulsion field. (EV +2)
Your system is resistant to poisons. (rPois)


   Skills:
 + Level 17.4 Fighting
 - Level 14.0 Long Blades
 + Level 15.5 Armour
 + Level 13.6 Dodging
 - Level 3.0 Stealth
 - Level 4.0 Spellcasting
 - Level 5.0 Hexes
 + Level 11.4 Invocations


You had 19 spell levels left.
You knew the following spells:

 Your Spells              Type           Power        Failure   Level  Hunger
c - Confuse               Hex            #####...     8%          3    ##.....
z - Corona                Hex            #####..      2%          1    None

Inventory:

Hand Weapons
 E - a +1 scimitar of flaming
 M - a +4 demon blade of draining (weapon)
Missiles
 p - 3 throwing nets {=f}
Armour
 j - a +1 helmet (worn)
 z - a +1 chain mail of fire resistance
 B - the cursed +0 cloak "Rugi" (worn) {rElec}
   (You bought it in a shop on level 2 of the Orcish Mines)

   It insulates you from electricity.
   It has a curse placed upon it.
 F - the +7 chain mail "Hexe" (worn) {Int+3 Dex-2}
   (You found it on level 11 of the Dungeon)

   It affects your intelligence (+3).
   It affects your dexterity (-2).
 K - a +2 ring mail of magic resistance
Jewellery
 s - an uncursed amulet of magic regeneration {unknown}
 t - an amulet of the gourmand (around neck)
 v - an uncursed ring of see invisible
 C - an uncursed ring of ice
 L - an uncursed ring of flight
Wands
 u - a wand of digging (24/24)
 y - a wand of clouds (5/9)
 D - a wand of scattershot (1/9)
Scrolls
 a - 4 scrolls of recharging
 b - 2 scrolls of fear
 e - 4 scrolls of blinking
 g - 6 scrolls of enchant armour
 k - 11 scrolls of teleportation {@r4}
 m - 3 scrolls of fog
 q - a scroll of holy word
 r - 8 scrolls of remove curse {@r2}
 w - 2 scrolls of amnesia
 G - 2 scrolls of identify {@r1}
Potions
 f - 6 potions of agility
 h - 4 potions of flight
 i - 2 potions of curing {@q1}
 l - 2 potions of invisibility
 A - a potion of cancellation
 J - 2 potions of mutation {!q}
 N - a potion of brilliance
 O - a potion of heal wounds {@q2}
Books
 n - a book of Maledictions

   Spells                             Type                      Level
   a - Corona                         Hexes                        1
   b - Ensorcelled Hibernation        Hexes/Ice                    2
   c - Confuse                        Hexes                        3
   d - Tukima's Dance                 Hexes                        3
   e - Dazzling Spray                 Conjuration/Hexes            3
 x - a book of Dreams

   Spells                             Type                      Level
   a - Ensorcelled Hibernation        Hexes/Ice                    2
   b - Silence                        Hexes/Air                    5
   c - Darkness                       Hexes                        6
   d - Shadow Creatures               Summoning                    6
Comestibles
 c - 12 bread rations {@e1}
 d - 10 royal jellies {@e3}
 o - 10 meat rations {@e1}
 H - 35 fruits {@e2}
 I - 2 chunks of flesh

Dungeon Overview and Level Annotations

Branches:
Dungeon (15/15)            Temple (0/1) D:7            Lair (6/6) D:9
 Shoals (0/4) Lair:4       Spider (0/4) Lair:3        Slime (0/5) Lair:5
    Orc (2/2) D:10            Elf (0/3) Orc:2        Vaults (0/5) D:14
 Depths (0/5) D:15

Altars:
Ashenzari
Cheibriados
Gozag
Hepliaklqana
Makhleb
Okawaru
Qazlal
Sif Muna
Vehumet
Zin
Beogh
Jiyva

Shops:
D:9 }   Orc:2 [%:?

Portals:
Hell: Lair:6
Pandemonium: Orc:2

Annotations:
Lair:5 1 runed door

▒....+...............
▒....▒...............
▒....▒...............
▒....▒...............
▒....+...............
▒....▒...!.$....P88..
▒....▒†.....)8...P...
▒....'.........8.P..P
▒....▒.....Z@88......
▒...<▒.......).%.....
▒.....▒.........8...>.
▒.....▒...............
▒....▒▒..[.......P8..P
▒....▒................
▒....▒................
▒▒▒▒▒▒............PP..
..▒▒▒▒▒▒▒........


You could see a titan zombie.


Message History

The fire giant skeleton is almost destroyed.
Unknown command.
You slash the fire giant skeleton!
You destroy the fire giant skeleton!
Cheibriados appreciates the change of pace.
Something closely misses you. x2
You closely miss something. The titan zombie hits you!
* * * LOW HITPOINT WARNING * * *
Something barely misses you. Something bites you but does no damage.
Unknown command.
You slice something!! You slice something!!
Cheibriados thoroughly appreciates the change of pace.
Reactivating autopickup.
You feel a bit more experienced. The titan zombie completely misses you.
You riposte.
You slash the titan zombie!
The titan zombie is lightly damaged.
Unknown command.
The titan zombie hits you!!
* * * LOW HITPOINT WARNING * * *
The titan zombie hits you.
* * * LOW HITPOINT WARNING * * *
You see here a robe.
Unknown command.
You slice the titan zombie!!
The titan zombie is moderately damaged.
You slash the titan zombie!
The titan zombie is moderately damaged.
The titan zombie hits you!
You die...

Skill      XL: |  1  2  3  4  5  6  7  8  9 10 11 12 13 14 15 16 |
---------------+-------------------------------------------------+-----
Stealth        | 2 3 |  3.0
Long Blades    | 4 5 6 7 8 9 11 12 13 14 | 14.0
Fighting       | 4 5 6 7 8 9 11 12 13 14 15 16 17 | 17.4
Dodging        | 4 5 7 9 10 12 13 | 13.6
Armour         | 1 2 3 5 7 8 10 11 12 14 15 | 15.5
Invocations    | 2 4 6 8 9 10 11 | 11.4
Hexes          | 3 5 |  5.0
Spellcasting   | 3 4 |  4.0

Action                   |  1- 3 |  4- 6 |  7- 9 | 10-12 | 13-15 | 16-18 || total
-------------------------+-------+-------+-------+-------+-------+-------++-------
Melee: Falchion          |   100 |   269 |   438 |       |       |       ||   807
       Scimitar          |       |       |   194 |   523 |  1049 |     5 ||  1771
       Demon blade       |       |       |       |       |    56 |   529 ||   585
 Cast: Corona            |       |       |       |       |    24 |       ||    24
       Confuse           |       |       |       |       |     2 |       ||     2
Invok: Bend Time         |       |       |       |     4 |     4 |       ||     8
       Slouch            |       |       |       |     1 |    17 |     2 ||    20
 Abil: Hop               |       |       |     1 |     2 |     6 |       ||     9
Evoke: Wand              |       |       |       |       |     1 |       ||     1
  Use: Scroll            |       |     4 |    14 |    11 |     9 |     4 ||    42
       Potion            |       |     4 |     1 |     2 |     5 |       ||    12
 Stab: Sleeping          |     1 |     2 |     1 |     8 |     4 |       ||    16
       Invisible         |       |       |       |     2 |       |       ||     2
       Distracted        |       |       |       |     3 |     4 |       ||     7
  Eat: Chunk             |     1 |     7 |    10 |    16 |    23 |    20 ||    77
       Meat ration       |       |     1 |       |       |       |       ||     1
Armor: Robe              |     4 |       |       |       |       |       ||     4
       Ring mail         |    41 |   110 |   211 |   171 |   233 |     5 ||   771
       Skin              |       |    20 |       |       |       |       ||    20
       Chain mail        |       |       |       |       |       |   221 ||   221
Dodge: Dodged            |    74 |   174 |   505 |   633 |  1534 |   730 ||  3650
       Rpst.: Falchion   |    18 |    42 |   115 |       |       |       ||   175
       Scimitar          |       |       |    52 |   146 |   362 |     4 ||   564
       Demon blade       |       |       |       |       |     8 |   136 ||   144

Vault maps used:
D:1:      dpeg_arrival_three_bigger_balls
D:2:      lemuel_coloured_pillars_altar, ashenzari_altar_1, uniq_natasha
D:3:      nicolae_overflow_hidden_temple, lightli_temple_of_fire
D:4:      first_bread
D:6:      kennysheep_housing_project, overflow_temple_1_default,
          lemuel_round_altar, portal_sewer_entry_e
D:7:      kennysheep_mini_moat, lemuel_doored_altar, minmay_temple_entry_trees,
          the_bakery
D:8:      nicolae_qazlal_general_emergency, serial_corexii_hall,
          corexii_hall_statues_t, corexii_hall_statues_x, led_sif_book,
          uniq_prince_ribbit1, uniq_erica
D:9:      david_lair_generic, serial_shops, shop
D:10:     orc_0_dummy, grunt_decor_mini_mirrors, minivault_26
D:11:     uniq_snorg
D:12:     kennysheep_blocky_hall, hex_medium, spider_trap
D:13:     chequers_big_river
D:14:     erik_vaults_1, grunt_decor_arrowhead, david_defended_altar_orc
D:15:     gammafunk_depths_entry_grave, hangedman_decor_points
Lair:1:   uniq_fannar
Lair:2:   grunt_megastairs_1, lemuel_fruit_tree, uniq_gastronok
Lair:3:   spider_nest_entry_web_field, infiniplex_staircase_pool, uniq_harold
Lair:4:   shoals_dummy_entry
Lair:5:   slime_altar_2, grunt_forest_large_clearings
Lair:6:   evil_forest
Orc:2:    pf_orc_diabolical, special_room,
          portal_ice_cave_entry_animals_and_master, uniq_erolcha
Sewer:    kennysheep_door_sewer
IceCv:    ice_cave_caverns_03

Notes
Turn   | Place    | Note
-------+----------+-------------------------------------------
     0 | D:1      | Jazqa the Barachi Monk began the quest for the Orb.
     0 | D:1      | Reached XP level 1. HP: 18/18 MP: 1/1
   202 | D:1      | Reached skill level 2 in Stealth
   202 | D:1      | Reached XP level 2. HP: 25/25 MP: 2/2
   272 | D:1      | Reached skill level 4 in Long Blades
   423 | D:1      | Reached XP level 3. HP: 25/30 MP: 3/3
   537 | D:1      | Reached skill level 4 in Fighting
   938 | D:2      | Found a shattered altar of Ashenzari.
  1143 | D:2      | Noticed Natasha
  1163 | D:2      | Killed Natasha
  1163 | D:2      | Reached skill level 4 in Dodging
  1163 | D:2      | Reached XP level 4. HP: 20/38 MP: 4/4
  1343 | D:2      | Noticed Natasha
  1360 | D:2      | HP: 3/38 [Natasha (6)]
  1361 | D:2      | Killed Natasha
  1659 | D:2      | Reached skill level 1 in Armour
  1793 | D:2      | Noticed Natasha
  1804 | D:2      | Reached XP level 5. HP: 41/43 MP: 5/5
  1818 | D:2      | Killed Natasha
  1818 | D:2      | Reached skill level 5 in Long Blades
  2083 | D:2      | Reached skill level 5 in Fighting
  2159 | D:2      | Found an opulent altar of Gozag.
  2303 | D:3      | Found a glowing silver altar of Zin.
  2312 | D:3      | Reached skill level 2 in Armour
  2812 | D:3      | Found a burning altar of Makhleb.
  3011 | D:4      | Reached XP level 6. HP: 20/51 MP: 6/6
  3043 | D:4      | HP: 5/51 [orc wizard/dagger (2)]
  3044 | D:4      | HP: 2/51 [orc wizard/dagger (1)]
  3046 | D:4      | Gained mutation: Your system is resistant to poisons. (rPois) [potion of mutation]
  3046 | D:4      | Gained mutation: You are surrounded by a mild repulsion field. (EV +2) [potion of mutation]
  3047 | D:4      | Reached skill level 3 in Armour
  3053 | D:4      | HP: 3/76 [orc (2)]
  3065 | D:4      | HP: 5/76 [orc wizard/magic dart (1)]
  3556 | D:4      | Reached skill level 6 in Fighting
  3556 | D:4      | Reached skill level 6 in Long Blades
  3556 | D:4      | Reached XP level 7. HP: 42/58 MP: 7/7
  3684 | D:4      | Reached skill level 4 in Armour
  4268 | D:5      | Entered Level 5 of the Dungeon
  4318 | D:5      | Reached skill level 5 in Armour
  4534 | D:5      | Reached skill level 7 in Fighting
  4534 | D:5      | Reached skill level 7 in Long Blades
  4534 | D:5      | Reached XP level 8. HP: 65/67 MP: 8/8
  4884 | D:5      | Reached skill level 6 in Armour
  5293 | D:5      | Reached skill level 8 in Fighting
  5293 | D:5      | Reached skill level 8 in Long Blades
  5427 | D:6      | Reached skill level 7 in Armour
  5433 | D:6      | Reached XP level 9. HP: 47/75 MP: 9/9
  5578 | D:6      | Found a hazy altar of Hepliaklqana.
  5823 | D:6      | Found a glowing drain.
  5856 | Sewer    | Entered a sewer
  5874 | Sewer    | Noticed Purgy
  5887 | Sewer    | Killed Purgy
  5887 | Sewer    | Reached skill level 9 in Long Blades
  6109 | D:6      | Reached skill level 9 in Fighting
  6128 | D:6      | Found a snail-covered altar of Cheibriados.
  6232 | D:6      | Became a worshipper of Cheibriados the Contemplative
  6232 | D:6      | Reached * piety under Cheibriados
  6232 | D:6      | Reached ** piety under Cheibriados
  6304 | D:6      | Reached skill level 1 in Invocations
  6428 | D:6      | HP: 4/76 [orc priest/divine providence (9)]
  6781 | D:6      | Reached skill level 8 in Armour
  7128 | D:6      | Reached *** piety under Cheibriados
  7412 | D:6      | Reached skill level 2 in Invocations
  7810 | D:7      | Found a staircase to the Ecumenical Temple.
  7848 | D:7      | Found an iron altar of Okawaru.
  7880 | D:7      | Reached XP level 10. HP: 83/85 MP: 11/11
  7943 | D:7      | Reached skill level 10 in Fighting
  7955 | D:7      | Reached **** piety under Cheibriados
  7955 | D:7      | Reached skill level 10 in Long Blades
  8219 | D:7      | Found a radiant altar of Vehumet.
  8245 | D:7      | Reached skill level 9 in Armour
  8295 | D:7      | Reached skill level 3 in Invocations
  8554 | D:8      | Found a stormy altar of Qazlal.
  8556 | D:8      | Noticed Erica
  8670 | D:8      | Killed Erica
  8949 | D:8      | Noticed Prince Ribbit
  8968 | D:8      | Killed Prince Ribbit
  9351 | D:8      | Reached skill level 4 in Invocations
  9500 | D:8      | Found a deep blue altar of Sif Muna.
  9580 | D:8      | Reached ***** piety under Cheibriados
 10020 | D:9      | Found Ziucyoqe's Gadget Emporium.
 10024 | D:9      | Noticed an elephant
 10035 | D:9      | Found a staircase to the Lair.
 10045 | D:9      | Reached skill level 10 in Armour
 10311 | D:9      | Reached skill level 11 in Fighting
 10525 | D:9      | Reached skill level 11 in Long Blades
 10527 | D:9      | HP: 6/87 [orc warrior/dire flail of holy wrath (8)]
 10534 | D:10     | Entered Level 10 of the Dungeon
 10972 | D:9      | Reached XP level 11. HP: 63/93 MP: 14/14
 11156 | D:9      | Reached skill level 5 in Invocations
 12377 | Lair:1   | Entered Level 1 of the Lair of Beasts
 12495 | Lair:1   | Reached ****** piety under Cheibriados
 12553 | Lair:1   | Reached skill level 11 in Armour
 12892 | Lair:1   | Noticed Fannar
 12919 | Lair:1   | Killed Fannar
 12919 | Lair:1   | Reached skill level 6 in Invocations
 13107 | Lair:1   | Reached skill level 12 in Fighting
 13107 | Lair:1   | Reached skill level 12 in Long Blades
 13429 | Lair:2   | Noticed Gastronok
 13471 | Lair:2   | Killed Gastronok
 13471 | Lair:2   | Reached skill level 5 in Dodging
 13471 | Lair:2   | Reached XP level 12. HP: 65/103 MP: 16/16
 14268 | Lair:2   | Reached skill level 6 in Dodging
 14348 | Lair:3   | Reached skill level 7 in Invocations
 14473 | Lair:3   | Found a hole to the Spider Nest.
 14804 | Lair:3   | Reached skill level 13 in Long Blades
 15032 | Lair:3   | Noticed Harold
 15043 | Lair:3   | Killed Harold
 15313 | Lair:3   | Reached skill level 13 in Fighting
 15390 | Lair:3   | Reached skill level 7 in Dodging
 15763 | Lair:3   | Got a shimmering trident
 15780 | Lair:3   | Identified the +4 trident of Domination {venom, Int+3 Dex+3} (You found it on level 3 of the Lair of Beasts)
 15805 | Lair:3   | Reached skill level 8 in Invocations
 15822 | Lair:3   | Gained mutation: You can hop longer distances. [Barachi growth]
 15822 | Lair:3   | Reached XP level 13. HP: 91/111 MP: 19/19
 16010 | Lair:4   | Reached skill level 8 in Dodging
 16032 | Lair:4   | Found a staircase to the Shoals.
 16343 | Lair:4   | Reached skill level 3 in Stealth
 16521 | Lair:4   | Learned a level 1 spell: Corona
 16593 | Lair:4   | Reached skill level 1 in Hexes
 16813 | Lair:4   | Reached skill level 1 in Spellcasting
 17260 | Lair:5   | Reached skill level 14 in Long Blades
 17325 | Lair:5   | Reached skill level 2 in Spellcasting
 17332 | Lair:5   | Reached skill level 2 in Hexes
 17352 | Lair:5   | Reached skill level 14 in Fighting
 17781 | Lair:5   | Found a runed door.
 17782 | Lair:5   | Found a viscous altar of Jiyva.
 17782 | Lair:5   | Found a staircase to the Slime Pits.
 17782 | Lair:5   | Noticed an acid blob
 17783 | Lair:5   | Noticed an acid blob
 17791 | Lair:5   | Reached skill level 9 in Invocations
 17792 | Lair:5   | Reached skill level 9 in Dodging
 18390 | Lair:5   | Reached skill level 3 in Hexes
 18415 | Lair:5   | Reached skill level 3 in Spellcasting
 18419 | Lair:5   | Reached XP level 14. HP: 56/121 MP: 20/20
 18847 | Lair:6   | Entered Level 6 of the Lair of Beasts
 18948 | Lair:6   | Reached skill level 4 in Hexes
 19224 | Lair:6   | Reached skill level 4 in Spellcasting
 19519 | Lair:6   | Reached skill level 12 in Armour
 19727 | Lair:6   | Reached skill level 5 in Hexes
 19792 | Lair:6   | Reached skill level 10 in Dodging
 19913 | Lair:6   | Reached skill level 15 in Fighting
 20130 | Lair:6   | Reached skill level 10 in Invocations
 20639 | Lair:6   | Found a burning altar of Makhleb.
 20654 | Lair:6   | Found a gateway to Hell.
 21077 | D:10     | Reached XP level 15. HP: 126/129 MP: 22/22
 21091 | D:10     | Reached skill level 11 in Dodging
 21430 | D:10     | Found a staircase to the Orcish Mines.
 21484 | D:10     | Learned a level 3 spell: Confuse
 21534 | Orc:1    | Entered Level 1 of the Orcish Mines
 21547 | Orc:1    | Reached skill level 13 in Armour
 22168 | Orc:2    | Entered Level 2 of the Orcish Mines
 22168 | Orc:2    | Noticed Erolcha
 22178 | Orc:2    | Killed Erolcha
 22242 | Orc:2    | Found a frozen archway.
 22305 | IceCv    | Entered an ice cave
 23302 | Orc:2    | Found Teulilal's Magic Scroll Emporium.
 23303 | Orc:2    | Found Beomaov's Food Shoppe.
 23319 | Orc:2    | Reached skill level 16 in Fighting
 23544 | Orc:2    | Reached skill level 12 in Dodging
 24284 | Orc:2    | Found a staircase to the Elven Halls.
 24298 | Orc:2    | Reached skill level 14 in Armour
 25718 | Orc:2    | Found Leakli's Book Boutique.
 25718 | Orc:2    | Found Xuylesos's Antique Armour Shop.
 25718 | Orc:2    | Found a one-way gate leading to the halls of Pandemonium.
 25860 | Orc:2    | Bought a steaming cloak for 228 gold pieces
 25870 | Orc:2    | Identified the cursed +0 cloak "Rugi" {rElec} (You bought it in a shop on level 2 of the Orcish Mines)
 25916 | Orc:2    | Bought a scroll of enchant weapon for 105 gold pieces
 25916 | Orc:2    | Bought a scroll of enchant armour for 105 gold pieces
 26382 | D:11     | Reached XP level 16. HP: 39/139 MP: 23/23
 26993 | D:11     | Got a slimy chain mail
 27005 | D:11     | Identified the +7 chain mail "Hexe" {Int+3 Dex-2} (You found it on level 11 of the Dungeon)
 27171 | D:11     | Noticed Snorg
 27176 | D:11     | Killed Snorg
 28013 | D:12     | Reached skill level 13 in Dodging
 28302 | D:13     | Reached skill level 17 in Fighting
 28804 | D:13     | Reached skill level 15 in Armour
 29194 | D:13     | Reached skill level 11 in Invocations
 29476 | D:14     | Found a gate to the Vaults.
 30126 | D:14     | Found a roughly hewn altar of Beogh.
 30723 | D:15     | Entered Level 15 of the Dungeon
 30757 | D:15     | Found a staircase to the Depths.
 30797 | D:15     | HP: 10/141 [titan zombie (24)]
 30799 | D:15     | Slain by a titan zombie

Vanquished Creatures
  Gastronok (Lair:2)
  Snorg (D:11)
  Fannar (Lair:1)
  Harold (Lair:3)
  Erolcha (Orc:2)
  2 catoblepae
  3 centaur warriors
  7 hydras
  7 two-headed ogres
  2 dancing weapons (D:14)
  A death knight (D:11)
  Erica (D:8)
  A vampire mage (D:15)
  4 orc high priests (Orc:2)
  A tengu warrior (D:14)
  8 death yaks
  A sun demon (Lair:6)
  A soul eater (Orc:2)
  5 skeletal warriors
  A torturous demonspawn (Orc:2)
  2 gelid demonspawn (Orc:2)
  A wizard (Lair:6)
  8 orc knights
  A necromancer (D:15)
  A wolf spider zombie (D:13)
  A shadow dragon skeleton (D:15)
  4 ugly things
  4 deep elf magi
  9 orc sorcerers
  A faun (Lair:5)
  4 cyclopes
  A manticore (D:12)
  21 elephants
  A fire giant skeleton (D:15)
  12 spiny frogs
  7 black mambas
  A rust devil (Orc:2)
  A spiny frog (shapeshifter) (D:13)
  A smoke demon (Lair:6)
  13 komodo dragons
  4 orange demons (Lair:6)
  5 rime drakes
  A tengu conjurer (D:14)
  2 ice devils
  2 freezing wraiths (D:11)
  An efreet (D:13)
  A guardian mummy (D:15)
  14 polar bears
  A red devil (Orc:2)
  5 trolls
  Prince Ribbit (D:8)
  7 dream sheep (Lair:5)
  A wind drake (Lair:4)
  22 blink frogs
  A deep troll zombie (D:15)
  13 hippogriffs
  A ynoxinul (Orc:2)
  A spriggan (shapeshifter) (D:12)
  A spriggan (D:7)
  A shadow (D:13)
  A vampire (D:13)
  8 wyverns
  2 wraiths
  71 yaks
  8 basilisks
  2 chaos spawn (Orc:2)
  A water elemental (D:13)
  5 vampire mosquitoes
  3 acid dragons
  3 wargs (Orc:2)
  11 water moccasins
  4 hell hounds (Lair:6)
  11 porcupines
  3 ice beasts
  Purgy (Sewer)
  48 orc warriors
  An eye of draining (D:12)
  A necrophage (D:9)
  7 sky beasts
  57 wolves
  5 phantoms
  14 ogres
  28 centaurs
  17 crocodiles
  3 big kobolds
  20 bullfrogs
  4 gnoll sergeants
  A wyvern skeleton (D:12)
  2 scorpions
  11 wights
  4 electric eels
  4 howler monkeys
  7 centaur zombies
  7 crimson imps
  4 jellies
  A quasit (D:8)
  3 bullfrog zombies
  18 hounds
  3 centaur skeletons
  4 gnoll shamans
  39 orc priests
  30 orc wizards
  3 bullfrog skeletons
  Natasha (thrice) (D:2)
  5 iguanas
  12 worker ants
  A hound skeleton (D:11)
  15 adders
  22 gnolls
  A howler monkey skeleton (D:5)
  3 river rats (D:6)
  6 shadow imps
  2 oozes (D:1)
  An adder skeleton (D:5)
  2 adder zombies
  A worm (D:3)
  A dart slug (D:2)
  8 leopard geckos
  81 orcs
  6 giant cockroaches
  8 goblins
  17 hobgoblins
  10 jackals
  A quokka (D:12)
  7 ball pythons
  8 bats
  6 frilled lizards
  A jackal skeleton (D:6)
  A jackal zombie (D:6)
  23 kobolds
  A leopard gecko skeleton (D:3)
  A leopard gecko zombie (D:6)
  11 rats
  A plant (Lair:3)
975 creatures vanquished.

Vanquished Creatures (others)
  2 polar bears (IceCv)
  6 yaks (IceCv)
  4 wolves (IceCv)
  An orc (D:13)
  10 fungi
  14 plants
37 creatures vanquished.

Grand Total: 1012 creatures vanquished
